 Dungeon Crawl Stone Soup version 0.31-a0-1074-g0b22e4e0f1 (webtiles) character file.

Game seed: 11380604249785454748

452 lunkers the Insei (level 7, -6/52 HPs)
             Began as a Meteoran Shapeshifter on Nov 29, 2023.
             Was an Initiate of Makhleb.
             Mangled by a gnoll bouda
             ... wielding a +0 club
              (9 damage)
             ... on level 5 of the Dungeon.
             The game lasted 00:05:31 (1650 turns).

lunkers the Insei (Meteoran Shapeshifter)           Turns: 1650, Time: 00:05:32

Health: -6/52      AC:  6    Str: 15    XL:     7   Next: 51%
Magic:  8/8        EV: 11    Int: 12    God:    Makhleb [......]
Gold:   143        SH:  0    Dex: 16    Spells: 6/6 levels left

rFire   . .          .
                       - Unarmed
rCold   . . .        (no shield)
rNeg    . . .        j - +1 ring mail
rPois   .            (helmet currently unavailable)
rElec   .            (cloak currently unavailable)
rCorr   .            (gloves currently unavailable)
SInv    .            (boots currently unavailable)
Will    .....        (no amulet)
Stlth   +            k - ring of wizardry
HPRegen 0.28/turn    (no ring)
MPRegen 0.11/turn

%: wizardry (x1)
@: about to teleport, beast-form, weakened, glowing
A: beast (slay +3), sense surroundings 1, otherworldly, glowing, explore regen
a: Begin Untransformation, Renounce Religion


You were on level 5 of the Dungeon.
You worshipped Makhleb.
Makhleb was noncommittal.
You were a hulking beast.
You visited 1 branch of the dungeon, and saw 5 of its levels.

You collected 143 gold pieces.

Inventory:

Armour
 a - a +0 animal skin
 g - a +0 pair of gloves
 i - a +0 buckler
 j - a +1 ring mail (worn)
 l - a +2 tower shield of cold resistance
Jewellery
 k - a ring of wizardry (left hand)
 p - an amulet of faith
 w - a ring of protection from fire
Talismans
 c - a beast talisman
 d - a flux talisman
Wands
 e - a wand of flame (1)
 t - a wand of charming (4)
Scrolls
 r - a scroll of fear {unknown}
 s - a scroll of identify {unknown}
 u - a scroll of enchant weapon {unknown}
Potions
 b - 4 potions of lignification
 h - 3 potions of curing {unknown}
 m - 3 potions of cancellation {unknown}
 n - 2 potions of might {unknown}
 o - a potion of ambrosia {unknown}
 q - a potion of haste {unknown}
 v - a potion of mutation {unknown}
 x - a potion of heal wounds {unknown}


   Skills:
 - Level 1.1 Fighting
 - Level 2.1 Dodging
 * Level 7.9 Unarmed Combat
 + Level 5.7 Shapeshifting


You had 6 spell levels left.
You didn't know any spells.
Your spell library contained the following spells:

 Spells                   Type           Power      Damage    Failure   Level
 Sandblast                Erth           0%         2d4       26%         1
 Slow                     Hex            0%         N/A       26%         1
 Ensorcelled Hibernation  Hex/Ice        0%         N/A       36%         2
 Jinxbite                 Hex            0%         N/A       36%         2
 Passwall                 Tmut/Erth      0%         N/A       36%         2
 Confusing Touch          Hex            0%         N/A       58%         3
 Sigil of Binding         Hex            0%         N/A       58%         3
 Stone Arrow              Conj/Erth      0%         3d7       58%         3
 Vampiric Draining        Necr           0%         2d6       58%         3
 Anguish                  Hex/Necr       0%         N/A       92%         4
 Brom's Barrelling Bould  Conj/Erth      0%         2d3       92%         4


Dungeon Overview and Level Annotations

Branches:
Dungeon (5/15) Zot: 1374
 Temple: D:4-7

Altars:
Makhleb
Vehumet

Shops:
D:4 [?


Innate Abilities, Weirdness & Mutations

You are a hulking beast.
Your limbs bulge with bestial killing power. (Slay +3)
You passively map a small area around you.
You are easily found by Zot.
You glow in the dark.
You regain HP and MP as you explore.


Message History

Your surroundings suddenly seem different. 4 gnolls, a gnoll sergeant, a gnoll bouda and 2 hounds come into view.
A gnoll is .
Found a scroll labelled PISEJIDAOG.
The gnoll shouts!
The hound barks!
The gnoll shouts! x3
The gnoll sergeant shouts!
The gnoll bouda shouts!
The gnoll sergeant hits you but does no damage.
The gnoll throws a stone.
The stone misses you.
Unknown command.
The hound attacks as it pursues you! The hound bites you but does no damage.
The gnoll sergeant hits you from afar with a +0 trident!
* * * LOW HITPOINT WARNING * * *
The gnoll bouda gazes fiercely through you!
You feel your attacks grow feeble.
The gnoll bouda hits you but does no damage.
The hound attacks as it pursues you! The hound bites you.
* * * LOW HITPOINT WARNING * * *
The hound completely misses you.
The gnoll throws a throwing net.
The throwing net misses you.
The throwing net hits the hound.
The hound is caught in the net!
The gnoll throws a stone.
The stone hits you.
* * * LOW HITPOINT WARNING * * *
As you read the scroll of teleportation, it crumbles to dust.
You feel strangely unstable.
The hound struggles against the net.
The hound bites you but does no damage.
The gnoll sergeant hits you from afar with a +0 trident!
* * * LOW HITPOINT WARNING * * *
The gnoll bouda barks out a call to the hunt!
The gnolls pick up the pace!
The gnoll throws a stone.
The stone hits you.
* * * LOW HITPOINT WARNING * * *
The gnoll throws a boomerang.
The boomerang barely misses you.
You hear a shout!
The hound struggles against the net.
The gnoll throws a throwing net.
The throwing net completely misses you.
The gnoll sergeant attacks as it pursues you!
The gnoll sergeant hits you but does no damage.
The gnoll throws a stone.
The stone misses you.
The gnoll bouda attacks as it pursues you!
The gnoll bouda hits you with a +0 club!
You die...

,, , , , #####*
,, < #....## * ,
.......##
...^....########
........#ggg...#
* **
#.g.g≈≈≈≈≈≈#.. ,
#...hh.?......,
, , , +,
#....gh.......,
#....≈≈≈≈≈≈#..
......#(.....# ,
.......########,
, * ......## **,
....## , #### *
, , *, , * * ,


You could see a gnoll sergeant (swift), a gnoll bouda, 2 hounds and 4 gnolls.

Vanquished Creatures
  A phantom (D:5)
  A crimson imp (D:3)
  A hound (D:5)
  A gnoll bouda (D:5)
  A jelly (D:4)
  An orc priest (D:5)
  2 iguanas (D:4)
  5 gnolls
  6 adders
  2 worms
  2 dart slugs
  5 orcs
  10 ball pythons
  9 endoplasms
  A giant cockroach (D:2)
  A goblin (D:4)
  3 hobgoblins
  7 kobolds
  A quokka (D:2)
  6 bats
  4 frilled lizards
  6 rats
76 creatures vanquished.

Notes
Turn   | Place    | Note
-------+----------+-------------------------------------------
     0 | D:1      | lunkers the Meteoran Shapeshifter began the quest for the
                  | Orb.
     0 | D:1      | Reached XP level 1. HP: 16/16 MP: 2/2
    18 | D:1      | Found a faded altar of an unknown god.
   202 | D:1      | Reached skill level 4 in Unarmed Combat
   202 | D:1      | Reached XP level 2. HP: 21/23 MP: 3/3
   430 | D:2      | Reached XP level 3. HP: 26/28 MP: 4/4
   700 | D:2      | Reached skill level 5 in Unarmed Combat
   700 | D:2      | Reached XP level 4. HP: 34/35 MP: 5/5
  1110 | D:3      | Reached XP level 5. HP: 34/40 MP: 6/6
  1203 | D:3      | Found a burning altar of Makhleb.
  1203 | D:3      | Found a radiant altar of Vehumet.
  1217 | D:3      | Became a worshipper of Makhleb the Destroyer
  1233 | D:4      | Reached skill level 6 in Unarmed Combat
  1256 | D:4      | Reached XP level 6. HP: 47/47 MP: 7/7
  1351 | D:4      | Found Ruigur's Antique Armour Shop.
  1423 | D:4      | Found Qaak's Magic Scroll Shop.
  1525 | D:4      | Reached skill level 5 in Shapeshifting
  1556 | D:5      | Entered Level 5 of the Dungeon
  1593 | D:5      | Reached skill level 7 in Unarmed Combat
  1609 | D:5      | Reached XP level 7. HP: 38/52 MP: 8/8
  1650 | D:5      | Mangled by a gnoll bouda

Illustrated notes

Levels and vault maps discovered:
D:1:      minmay_arrival_four_circles, layout_rooms,
          ebering_ecumenical_altar_mist
D:2:      layout_basic, kennysheep_generic_room_16
D:3:      layout_basic, grunt_temple_overflow_lords_of_destruction,
          kennysheep_generic_room_5
D:4:      layout_loops_cross, serial_shops, nicolae_shop_dealshenge,
          nicolae_shop_hallway_stairs, nicolae_lakefront_shop,
          mrwooster_statue_mirror, kennysheep_generic_room_2
D:5:      layout_cave_pools, grunt_temple_overflow_open, serial_gnoll_camp,
          gnoll_camp_huts_basic, gnoll_camp_medium_01, gnoll_camp_mini_hut,
          gnoll_camp_medium_02, gnoll_camp_mini_house, uniq_ijyb

Skill      XL: |  1  2  3  4  5  6 |
---------------+-------------------+-----
Unarmed Combat | 4 5 6 7 |  7.9
Shapeshifting  | 4 5 |  5.7
Fighting       | |  1.1
Dodging        | |  2.1

Action                     |  1- 3 |  4- 6 |  7- 9 || total
---------------------------+-------+-------+-------++-------
  Melee: Unarmed           |    79 |   128 |    25 ||   232
         Punch             |     1 |     4 |     1 ||     6
    Use: Scroll            |       |     3 |     2 ||     5
 Armour: Animal skin       |    16 |       |       ||    16
         Ring mail         |    26 |    70 |    32 ||   128
  Dodge: Dodged            |    43 |    78 |    29 ||   150

Table legend: (Time is in decaauts)
 A = Elapsed time spent in this place.
 B = Non-inter-level travel time spent in this place.
 C = Inter-level travel time spent in this place.
 D = Time resting spent in this place.
 E = Time spent auto-exploring this place.
 F = Levels seen in this place.
 G = Mean time per level.
                   A        B        C        D        E       F      G
               +--------+--------+--------+--------+--------+-----+--------+
         Total |   1624 |   1613 |     11 |      0 |   1084 |   5 |  324.8 |
       Dungeon |   1624 |   1613 |     11 |      0 |   1084 |   5 |  324.8 |
               +--------+--------+--------+--------+--------+-----+--------+

Top non-repeatable levels by time:
     D:3: 421 daAuts
     D:1: 402 daAuts
     D:2: 391 daAuts
     D:4: 327 daAuts
     D:5: 81 daAuts
